 Dungeon Crawl Stone Soup version 0.31-a0-175-g9f7f995f2b (webtiles) character file.

Game seed: 12945998070597242757

312 Anon1729 the Trooper (level 6, 0/55 HPs)
             Began as a Minotaur Monk on June 16, 2023.
             Slain by a lemure (8 damage)
             ... led by Pikel
             ... on level 4 of the Dungeon.
             The game lasted 00:01:02 (2060 turns).

Anon1729 the Trooper (Minotaur Monk)                Turns: 2060, Time: 00:01:03

Health: 0/55       AC:  2    Str: 15    XL:     6   Next: 18%
Magic:  6/6        EV: 14    Int:  7    God:
Gold:   149        SH:  0    Dex: 15    Spells: 5/5 levels left

rFire   . . .        a - +0 short sword
rCold   + . .        d - orb {light}
rNeg    . . .        b - +0 robe
rPois   .            (helmet restricted)
rElec   .            (no cloak)
rCorr   .            (no gloves)
SInv    +            (no boots)
Will    .....        (no amulet)
Stlth   +            i - ring of see invisible
HPRegen 0.29/turn    j - ring of protection from cold
MPRegen 0.10/turn

%: no passive effects
@: glowing
A: horns 2, retaliatory headbutt
a: no special abilities


You were on level 4 of the Dungeon.
You visited 1 branch of the dungeon, and saw 4 of its levels.

You collected 149 gold pieces.

Inventory:

Hand Weapons
 a - a +0 short sword (weapon)
Armour
 b - a +0 robe (worn)
 d - an orb of light (worn)
Jewellery
 h - a ring of wizardry
 i - a ring of see invisible (left hand)
 j - a ring of protection from cold (right hand)
Wands
 s - a wand of flame (6)
Scrolls
 c - 3 scrolls of immolation {unknown}
 e - a scroll of poison {unknown}
 f - a scroll of blinking {unknown}
 n - 5 scrolls of identify {unknown}
 p - a scroll of fog {unknown}
 t - a scroll of silence {unknown}
Potions
 g - a potion of haste {unknown}
 k - 2 potions of cancellation {unknown}
 l - a potion of resistance {unknown}
 m - 2 potions of enlightenment {unknown}
 o - a potion of lignification {unknown}
 q - a potion of ambrosia
 r - a potion of magic {unknown}
 u - a potion of degeneration {unknown}


   Skills:
 + Level 4.9 Fighting
 + Level 4.4 Short Blades
 + Level 3.1 Armour
 + Level 4.4 Dodging
 + Level 2.5 Invocations


You had 5 spell levels left.
You didn't know any spells.
Your spell library contained the following spells:

 Spells                   Type           Power      Damage    Failure   Level
 Summon Small Mammal      Summ           0%         N/A       43%         1
 Call Canine Familiar     Summ           0%         N/A       80%         3
 Summon Guardian Golem    Hex/Summ       0%         N/A       80%         3
 Vhi's Electric Charge    Tloc/Air       0%         N/A       80%         3
 Arcjolt                  Conj/Air       0%         1d10      100%        5
 Conjure Ball Lightning   Conj/Air       0%         3x3d6     100%        6
 Plasma Beam              Fire/Air       0%         2x1d10    100%        6
 Discord                  Hex            0%         N/A       100%        8
 Disjunction              Tloc           0%         N/A       100%        8


Dungeon Overview and Level Annotations

Branches:
Dungeon (4/15)
 Temple: D:4-7

Altars:
Ru

Annotations:
D:2 1 runed translucent door, Crazy Yiuf
D:4 Pikel


Innate Abilities, Weirdness & Mutations

You have a pair of horns on your head.
You reflexively headbutt those who attack you in melee.


Message History

The lemure barely misses you. The lemure misses you.
You completely miss the lemure.
The lemure is moderately wounded.
The lemure closely misses you. The lemure hits you.
You hit the lemure but do no damage. You headbutt the lemure!
The lemure is heavily wounded.
You barely miss the lemure.
You headbutt the lemure, but do no damage.
The lemure is heavily wounded.
The lemure hits you!
Pikel hits you with a +1 whip of freezing!
You hit the lemure but do no damage. You headbutt the lemure.
The lemure is severely wounded.
The lemure hits you but does no damage. The lemure hits you.
Pikel hits you with a +1 whip of freezing!
Pikel freezes you. The lemure completely misses you.
You are too injured to fight recklessly!
You are too injured to fight recklessly!
You are too injured to fight recklessly!
You are too injured to fight recklessly!
You are too injured to fight recklessly!
You are too injured to fight recklessly!
You are too injured to fight recklessly!
You are too injured to fight recklessly!
You are too injured to fight recklessly!
You are too injured to fight recklessly!
You are too injured to fight recklessly!
You are too injured to fight recklessly!
You are too injured to fight recklessly!
You are too injured to fight recklessly!
You are too injured to fight recklessly!
The lemure attacks as you move away! The lemure barely misses you.
The lemure attacks as you move away! The lemure hits you.
The lemure attacks as you move away! The lemure hits you but does no damage.
The lemure attacks as you move away! The lemure hits you.
* * * LOW HITPOINT WARNING * * *
The lemure attacks as you move away! The lemure hits you!
* * * LOW HITPOINT WARNING * * *
The lemure attacks as you move away! The lemure hits you!
You die...

###.####......#
.......>.<....#
##.##..#.###.#
#.##K.#.#
#.##..#.#
#.##5.#..
#.##5.#######
#.##55.......
#...@########
####.# #...#
######.###
#>..#..#
#.....##
#...### #...#
##...#


You could see Pikel and 4 lemures.

Vanquished Creatures
  Sigmund (D:3)
  Terence (D:2)
  3 gnolls (D:4)
  An adder (D:2)
  A worm (D:3)
  3 orcs (D:3)
  4 bats
  8 endoplasms
  4 giant cockroaches (D:3)
  4 goblins
  4 hobgoblins
  4 jackals (D:1)
  9 kobolds
  9 quokkas
  8 ball pythons
  4 frilled lizards
  5 rats
73 creatures vanquished.

Notes
Turn   | Place    | Note
-------+----------+-------------------------------------------
     0 | D:1      | Anon1729 the Minotaur Monk began the quest for the Orb.
     0 | D:1      | Reached XP level 1. HP: 19/19 MP: 0/0
    45 | D:1      | Reached XP level 2. HP: 18/27 MP: 1/1
   157 | D:1      | Reached skill level 1 in Armour
   351 | D:1      | Reached skill level 1 in Invocations
   351 | D:1      | Reached XP level 3. HP: 31/33 MP: 2/2
   722 | D:2      | Noticed Terence
   743 | D:2      | Killed Terence
   772 | D:2      | Reached XP level 4. HP: 40/40 MP: 4/4
  1117 | D:2      | Found a runed translucent door.
  1118 | D:2      | Noticed Crazy Yiuf
  1492 | D:3      | Found a sacrificial altar of Ru.
  1738 | D:3      | Noticed Sigmund
  1745 | D:3      | Killed Sigmund
  1746 | D:3      | Reached XP level 5. HP: 47/47 MP: 5/5
  1746 | D:3      | Reached XP level 6. HP: 55/55 MP: 6/6
  2043 | D:4      | Noticed Pikel
  2060 | D:4      | Slain by a lemure

Illustrated notes

Levels and vault maps discovered:
D:1:      lemuel_arrival_rhombus, layout_basic, corexii_hall_statues_u,
          minmay_ruptured
D:2:      layout_rooms, uniq_terence, uniq_crazy_yiuf_cottage
D:3:      layout_rooms, mainiacjoe_overflow_small_starburst, hex_tiny,
          uniq_sigmund
D:4:      layout_basic, hangedman_abyss_or_decor_stabs, uniq_pikel

Skill      XL: |  1  2  3  4 |
---------------+-------------+-----
Armour         | 1 3 |  3.1
Invocations    | 1 2 |  2.5
Fighting       | 4 |  4.9
Short Blades   | 4 |  4.4
Dodging        | 4 |  4.4

Action                     |  1- 3 |  4- 6 || total
---------------------------+-------+-------++-------
  Melee: Short sword       |   108 |    77 ||   185
         Headbutt          |    21 |    23 ||    44
  Evoke: Wand              |       |     6 ||     6
    Use: Potion            |     1 |       ||     1
 Armour: Robe              |    16 |    13 ||    29
  Dodge: Dodged            |    57 |    48 ||   105

Table legend: (Time is in decaauts)
 A = Elapsed time spent in this place.
 B = Non-inter-level travel time spent in this place.
 C = Inter-level travel time spent in this place.
 D = Time resting spent in this place.
 E = Time spent auto-exploring this place.
 F = Levels seen in this place.
 G = Mean time per level.
                   A        B        C        D        E       F      G
               +--------+--------+--------+--------+--------+-----+--------+
         Total |   2023 |   1944 |     79 |      0 |   1557 |   4 |  505.8 |
       Dungeon |   2023 |   1944 |     79 |      0 |   1557 |   4 |  505.8 |
               +--------+--------+--------+--------+--------+-----+--------+

Top non-repeatable levels by time:
     D:1: 683 daAuts
     D:2: 605 daAuts
     D:3: 571 daAuts
     D:4: 162 daAuts
